 Dungeon Crawl Stone Soup version 0.30-b1-2-g02819fbbbe (webtiles) character file.

Game seed: 17743145899643534371

691 Borgoz the Cudgeller (level 7, 0/44 HPs)
             Began as a Gargoyle Berserker on June 18, 2023.
             Was a Believer of Trog.
             Slain by an ice beast (4 damage)
             ... on level 5 of the Dungeon.
             The game lasted 00:06:50 (3732 turns).

Borgoz the Cudgeller (Gargoyle Berserker)           Turns: 3732, Time: 00:06:51

Health: 0/44       AC: 14    Str: 20    XL:     7   Next: 63%
Magic:  7/7        EV: 11    Int:  8    God:    Trog [**....]
Gold:   234        SH:  0    Dex: 11    Spells: 6/6 levels left

rFire   . . .        q - +0 flail
rCold   . . .        (no shield)
rNeg    + + .        a - +0 ring mail
rPois   ∞            e - +0 helmet
rElec   +            (no cloak)
rCorr   +            s - +1 pair of gloves
SInv    .            (no boots)
Will    .....        (no amulet)
Stlth   +            r - ring of resist corrosion
HPRegen 0.27/turn    b - ring of positive energy
MPRegen 0.10/turn

%: no passive effects
@: on berserk cooldown, slowed, very slow
A: sickness immunity, AC +4, negative energy resistance 1, electricity
resistance, torment resistance 1, petrification resistance
a: Renounce Religion, Berserk, Trog's Hand


You were on level 5 of the Dungeon.
You worshipped Trog.
Trog was pleased with you.
You visited 1 branch of the dungeon, and saw 5 of its levels.

You collected 234 gold pieces.

Inventory:

Hand Weapons
 q - a +0 flail (weapon)
Missiles
 j - 4 poisoned darts (quivered)
Armour
 a - a +0 ring mail (worn)
 e - a +0 helmet (worn)
 s - a +1 pair of gloves (worn)
Jewellery
 b - a ring of positive energy (right hand)
 r - a ring of resist corrosion (left hand)
Scrolls
 n - a scroll of magic mapping
Potions
 c - a potion of flight {unknown}
 d - 3 potions of curing
 f - a potion of ambrosia
 g - 2 potions of attraction {unknown}
 h - 2 potions of berserk rage
 k - a potion of invisibility {unknown}
 m - a potion of heal wounds


   Skills:
 + Level 5.1 Fighting
 * Level 5.9 Maces & Flails
 + Level 4.5 Armour
 + Level 3.2 Dodging


You had 6 spell levels left.
You didn't know any spells.
Your spell library was empty.

Dungeon Overview and Level Annotations

Branches:
Dungeon (5/15)
 Temple: D:4-7

Altars:
Elyvilon
Nemelex Xobeh
Xom

Shops:
D:3 :   D:4 [


Innate Abilities, Weirdness & Mutations

You are immune to sickness and miasma.
Your stone body is resilient. (AC +4)
You are immune to poison.
You resist negative energy. (rN+)
You are resistant to electric shocks. (rElec)
You are resistant to unholy torment.
You are immune to petrification.


Message History

You barely miss the orc. The orc barely misses you.
The orc hits you but does no damage. x2; The orc barely misses you. x2
The orc hits you but does no damage.
You hit the orc.
You kill the orc!
Trog accepts your kill. The orc closely misses you.
The orc hits you with a +0 flail. The orc closely misses you.
The orc barely misses you.
You feel the effects of Trog's Hand fading.
The orc hits you but does no damage. The orc hits you with a +0 flail.
Things that are here:
a +0 dagger; an iguana corpse; an adder corpse You hit the orc.
The orc is almost dead.
The orc closely misses you. The orc hits you but does no damage. x2
The ice beast closely misses you. The orc hits you with a +0 short sword.
You hit the orc.
You kill the orc!
Trog accepts your kill. The orc hits you but does no damage.
The ice beast barely misses you.
You thump the orc!
You kill the orc!
Trog accepts your kill.
Your skin stops crawling.
You feel less strong-willed. The ice beast closely misses you.
The ice beast misses you.
You hit the ice beast.
The ice beast is lightly wounded.
The ice beast hits you. The ice beast freezes you!
* * * LOW HITPOINT WARNING * * *
The ice beast hits you.
* * * LOW HITPOINT WARNING * * *
The ice beast freezes you!
* * * LOW HITPOINT WARNING * * *
You hit the ice beast.
The ice beast is lightly wounded.
The ice beast closely misses you.
Okay, then.
The ice beast attacks as you move away! The ice beast closely misses you.
The ice beast hits you.
You die...

..+ ....# ....#
....# . ...#
..########...##
......$.......#
.>.....)Y†....#
.......)<@....#
..##...##).#..#
#... #..# ##
..... ....#
....... ....#
............#
............#
..........>.#


You could see an ice beast.

Vanquished Creatures
  Eustachio (D:5)
  Blork the orc (D:4)
  2 scorpions
  A hound (D:5)
  An orc priest (D:4)
  Natasha (thrice) (D:2)
  3 iguanas
  An orc wizard (D:3)
  An adder (D:2)
  4 gnolls (D:3)
  4 worms (D:2)
  3 dart slugs
  13 orcs
  6 endoplasms
  7 goblins
  10 hobgoblins
  7 kobolds
  4 quokkas
  4 ball pythons
  4 bats
  3 frilled lizards
  5 rats
88 creatures vanquished.

Vanquished Creatures (others)
  An adder (D:5)
  7 plants (D:2)
8 creatures vanquished.

Grand Total: 96 creatures vanquished

Notes
Turn   | Place    | Note
-------+----------+-------------------------------------------
     0 | D:1      | Borgoz the Gargoyle Berserker began the quest for the Orb.
     0 | D:1      | Reached XP level 1. HP: 14/14 MP: 1/1
   158 | D:1      | Reached XP level 2. HP: 19/19 MP: 2/2
   770 | D:2      | Reached XP level 3. HP: 6/23 MP: 3/3
   964 | D:2      | Reached ** piety under Trog
  1260 | D:2      | Noticed Natasha
  1266 | D:2      | Killed Natasha
  1267 | D:2      | Reached XP level 4. HP: 29/29 MP: 4/4
  1629 | D:2      | Noticed Natasha
  1646 | D:2      | Killed Natasha
  1686 | D:2      | Noticed Natasha
  1692 | D:2      | Killed Natasha
  1693 | D:2      | Reached XP level 5. HP: 33/33 MP: 5/5
  1730 | D:3      | Found Nuggivvaf's Book Boutique.
  2355 | D:3      | Reached XP level 6. HP: 15/38 MP: 6/6
  3060 | D:4      | Found a white marble altar of Elyvilon.
  3060 | D:4      | Found a sparkling altar of Nemelex Xobeh.
  3061 | D:4      | Found a shimmering altar of Xom.
  3143 | D:4      | Found Qumiom's Armour Boutique.
  3298 | D:4      | Reached skill level 5 in Maces & Flails
  3395 | D:4      | Noticed Blork the orc
  3401 | D:4      | Killed Blork the orc
  3588 | D:5      | Entered Level 5 of the Dungeon
  3589 | D:5      | Noticed Eustachio
  3612 | D:4      | Reached XP level 7. HP: 26/44 MP: 7/7
  3705 | D:5      | Killed Eustachio
  3706 | D:5      | Reached skill level 5 in Fighting
  3732 | D:5      | Slain by an ice beast

Illustrated notes

Levels and vault maps discovered:
D:1:      scummos_arrival_forest, layout_loops_ring
D:2:      layout_loops_ring, serial_forest, infiniplex_forest_straight_1,
          infiniplex_forest_corner_2, infiniplex_forest_lined_ring,
          infiniplex_forest_clump_curved, infiniplex_forest_clump_small,
          infiniplex_forest_clump_diagonal, minmay_split_cup_large, uniq_natasha
D:3:      layout_loops_corners, serial_shops, nicolae_book_shop_shelving,
          minivault_27, kennysheep_potato
D:4:      layout_rooms, nicolae_overflow_hidden_temple, serial_shops,
          nicolae_shop_statue_plus, uniq_blork_the_orc
D:5:      layout_gridville, minmay_temple_entry_trees, uniq_sigmund,
          uniq_eustachio

Skill      XL: |  1  2  3  4  5  6  7 |
---------------+----------------------+-----
Dodging        | 2 3 |  3.2
Maces & Flails | 4 5 |  5.9
Armour         | 3 4 |  4.5
Fighting       | 4 5 |  5.1

Action                     |  1- 3 |  4- 6 |  7- 9 || total
---------------------------+-------+-------+-------++-------
  Melee: Mace              |   125 |   124 |       ||   249
         Punch             |     1 |     4 |       ||     5
         Flail             |       |    41 |    29 ||    70
  Throw: Dart              |       |     3 |       ||     3
 Invoke: Berserk           |     1 |     7 |     1 ||     9
         Trog's Hand       |       |     3 |     1 ||     4
    Use: Scroll            |       |    10 |       ||    10
         Potion            |       |     1 |       ||     1
   Stab: Sleeping          |       |     1 |       ||     1
 Armour: Animal skin       |    49 |    65 |       ||   114
         Ring mail         |       |    50 |    33 ||    83
  Dodge: Dodged            |    84 |   142 |    40 ||   266
